 Dungeon Crawl Stone Soup version 0.30.1-11-g7821555f0a (webtiles) character file.

Game seed: 5942346022287807189

1398 comborobin the Devout (level 8, -1/63 (64) HPs)
             Began as a Hill Orc Delver on Dec 24, 2023.
             Was a Priest of Zin.
             Slain by Maggie
             ... wielding a +0 scimitar of draining
              (11 damage)
             ... on level 5 of the Dungeon.
             The game lasted 00:06:56 (5270 turns).

comborobin the Devout (Hill Orc Delver)             Turns: 5270, Time: 00:06:57

HP:   -1/63 (64)    AC: 10    Str: 17    XL:     8   Next: 69%
MP:   16/16         EV: 11    Int: 10    God:    Zin [***...]
Gold: 657           SH:  0    Dex: 12    Spells: 7/7 levels left

rFire   . . .        i - +0 quarterstaff (spect)
rCold   . . .        (shield currently unavailable)
rNeg    . . .        u - +0 ring mail "Areate" {Will+}
rPois   .            (no helmet)
rElec   .            (no cloak)
rCorr   .            r - +0 pair of gloves
SInv    .            (no boots)
Will    +....        (no amulet)
Stlth   ++           l - +4 ring of protection
HPRegen 0.30/turn    (no ring)
MPRegen 0.15/turn

%: no passive effects
@: on recite cooldown, lightly drained
A: no striking features
a: Renounce Religion, Recite, Vitalisation, Imprison, Donate Gold


You were on level 5 of the Dungeon.
You worshipped Zin.
Zin was most pleased with you.
You visited 1 branch of the dungeon, and saw 5 of its levels.

You collected 730 gold pieces.
You donated 73 gold pieces to Zin.

Inventory:

Hand Weapons
 a - a +0 hand axe
 i - a +0 spectral quarterstaff (weapon)
Missiles
 d - 3 curare-tipped darts (quivered)
Armour
 b - a +0 leather armour
 f - a +0 ring mail
 m - the +3 pair of mountain boots {steadfast, rC+}
   (You acquired it on level 6 of the Dungeon)

   Steadfast: It prevents involuntary movement, except for blinking,
   teleportation, or banishment.
   rC:        It protects you from cold.
 r - a +0 pair of gloves (worn)
 u - the +0 ring mail "Areate" (worn) {Will+}
   (You found it on level 2 of the Dungeon)

   Will:      It increases your willpower.
Jewellery
 l - a +4 ring of protection (left hand)
 x - a ring of protection from cold
 z - a ring of resist corrosion
Wands
 g - a wand of digging (3)
Scrolls
 c - a scroll of fog
 h - 3 scrolls of identify {unknown}
 s - a scroll of blinking {unknown}
 y - a scroll of summoning
Potions
 j - a potion of magic {unknown}
 k - a potion of heal wounds {unknown}
 n - 2 potions of might {unknown}
 o - a potion of brilliance {unknown}
 p - a potion of attraction {unknown}
 q - 3 potions of flight {unknown}
 t - a potion of lignification {unknown}
 v - a potion of curing {unknown}
 A - a potion of invisibility {unknown}


   Skills:
 - Level 3.6 Fighting
 - Level 8.7 Axes
 - Level 1.5 Dodging
 - Level 4.1 Stealth
 + Level 10.6 Invocations


You had 7 spell levels left.
You didn't know any spells.
Your spell library contained the following spells:

 Spells                   Type           Power      Damage    Failure   Level
 Portal Projectile        Hex/Tloc       0%         N/A       91%         3
 Tukima's Dance           Hex            0%         N/A       91%         3
 Blade Hands              Tmut           0%         N/A       100%        5


Dungeon Overview and Level Annotations

Branches:
Dungeon (6/15)             Temple (0/1) D:5

Altars:
Elyvilon
Nemelex Xobeh
Trog
Zin
The Shining One

Annotations:
D:4 2 runed translucent doors, comborobin's ghost, weakling HODe
D:5 Maggie


Message History

Your spectral weapon shares its damage with you!
The two-headed ogre misses your +0 spectral quarterstaff.
You hit Maggie.
Maggie is moderately wounded.
Your +0 spectral quarterstaff completely misses Maggie.
Maggie closely misses you.
Unknown command.
You hit Maggie.
Maggie is moderately wounded.
Your +0 spectral quarterstaff hits Maggie.
Maggie misses you.
The two-headed ogre hits your +0 spectral quarterstaff with a +0 giant club.
Your spectral weapon shares its damage with you!
The two-headed ogre barely misses your +0 spectral quarterstaff.
Maggie casts a spell.
Maggie attempts to bespell you!
You easily resist.
You barely miss Maggie.
Maggie is heavily wounded.
Your +0 spectral quarterstaff hits Maggie but does no damage.
The two-headed ogre hits your +0 spectral quarterstaff with a +0 giant club!
Your spectral weapon shares its damage with you!
The two-headed ogre barely misses your +0 spectral quarterstaff.
Maggie barely misses you.
You hit Maggie but do no damage.
Maggie is heavily wounded.
Your +0 spectral quarterstaff closely misses Maggie.
Maggie is lost in a daze.
The two-headed ogre hits your +0 spectral quarterstaff with a +0 giant club!!
Your spectral weapon shares its damage with you!
Your +0 spectral quarterstaff disappears.
You closely miss Maggie.
Maggie is heavily wounded.
Your +0 spectral quarterstaff hits Maggie but does no damage.
Maggie is no longer dazed.
Maggie casts a spell at you. The bolt of fire hits you!!
* * * LOW HITPOINT WARNING * * *
The two-headed ogre is lost in a daze.
Maggie hits you with a +0 scimitar of draining!
You die...

###..####...###.....####
.....#.##..#).......#..#
..............##.......###
........##..#.......#..#.##
...........##.......#..#..# #
#........#..........###...## ####
##...............O#..####..# #...
###............)(@#...###..###.##
................@##.#...#...>..#
..............##..#.#.....#....#
#............###.##..#....##...##
...........#........##....#......
.#.#.##...###....#..#........#...
...........##....#...........##..
.......#...#..(.....###......#...
.......#....................#....
...##.#.....................#....


You could see Maggie, a two-headed ogre (dazed) and a friendly +0 spectral
quarterstaff.

Vanquished Creatures
  Grinder (D:3)
  Menkaure (D:6)
  A water moccasin (D:5)
  A black bear (D:4)
  2 ogres
  A centaur (D:5)
  A phantom (D:5)
  3 scorpions
  A gnoll bouda (D:5)
  2 jellies (D:5)
  2 iguanas
  2 sleepcaps
  3 gnolls (D:5)
  8 adders
  A shadow imp (D:6)
  2 white imps
  2 ufetubi
  A worm (D:3)
  A dart slug (D:2)
  4 orcs
  8 endoplasms
  2 giant cockroaches (D:2)
  3 goblins
  7 hobgoblins
  5 jackals
  3 kobolds
  4 quokkas
  A ball python (D:3)
  4 bats
  2 frilled lizards (D:3)
  6 rats
85 creatures vanquished.

Vanquished Creatures (others)
  A spectral weapon (D:5)
1 creature vanquished.

Grand Total: 86 creatures vanquished

Notes
Turn   | Place    | Note
-------+----------+-------------------------------------------
     0 | D:5      | comborobin the Hill Orc Delver began the quest for the Orb.
     0 | D:5      | Reached XP level 1. HP: 19/19 MP: 1/1
    20 | D:5      | Found a white marble altar of Elyvilon.
    21 | D:5      | Found a glowing silver altar of Zin.
    88 | D:5      | Found a glowing golden altar of the Shining One.
   126 | D:5      | Became a worshipper of Zin the Law-Giver
   133 | D:5      | Reached XP level 2. HP: 22/26 MP: 2/2
   203 | D:5      | Found a bloodstained altar of Trog.
   223 | D:4      | Noticed a black bear
   249 | D:4      | Killed a black bear
   250 | D:4      | Reached XP level 3. HP: 31/31 MP: 3/3
   250 | D:4      | Reached XP level 4. HP: 39/39 MP: 4/4
   348 | D:4      | Reached XP level 5. HP: 45/45 MP: 5/5
   384 | D:4      | Found a large runed translucent door.
   384 | D:4      | Found a large runed translucent door.
   388 | D:4      | Noticed comborobin's ghost (weakling HODe)
   553 | D:3      | Noticed Grinder
   705 | D:4      | Noticed an ogre
   721 | D:4      | Killed an ogre
   722 | D:4      | Reached XP level 6. HP: 24/51 MP: 6/6
  1649 | D:3      | Paralysed by Grinder for 3 turns
  1917 | D:3      | Identified a scroll of acquirement
  1917 | D:3      | Acquired 596 gold pieces
  1918 | D:3      | Reached * piety under Zin
  1918 | D:3      | Reached ** piety under Zin
  2155 | D:3      | Paralysed by Grinder for 5 turns
  2290 | D:2      | Reached skill level 1 in Invocations
  2302 | D:2      | Reached *** piety under Zin
  2441 | D:2      | Reached skill level 2 in Invocations
  2513 | D:2      | Identified the +0 ring mail "Areate" {Will+}
  3475 | D:3      | Paralysed by Grinder for 4 turns
  3479 | D:3      | Killed Grinder
  3480 | D:3      | Reached skill level 5 in Invocations
  3480 | D:3      | Reached XP level 7. HP: 44/57 MP: 8/11
  4056 | D:5      | Reached skill level 6 in Invocations
  4147 | D:5      | Found a staircase to the Ecumenical Temple.
  4159 | D:5      | Reached skill level 7 in Invocations
  4269 | D:5      | Reached XP level 8. HP: 60/64 MP: 13/13
  4278 | D:5      | Reached skill level 8 in Invocations
  4347 | D:5      | Reached skill level 9 in Invocations
  4349 | D:5      | Found a sparkling altar of Nemelex Xobeh.
  4697 | D:6      | Noticed Menkaure
  4709 | D:6      | Acquired the +3 pair of mountain boots {steadfast, rC+}
  4709 | D:6      | Found the +3 pair of mountain boots {steadfast, rC+}
  4897 | D:6      | Killed Menkaure
  4898 | D:6      | Reached skill level 10 in Invocations
  5222 | D:6      | Noticed Maggie
  5256 | D:6      | Noticed a two-headed ogre
  5270 | D:5      | Slain by Maggie

Illustrated notes

Levels and vault maps discovered:
D:2:      layout_rooms, grunt_decor_one_mirror
D:3:      layout_basic, gup_sewer_entry_bowl, uniq_grinder
D:4:      layout_rooms, ebering_ghost_disaster_area, abandoned_shop,
          minmay_misc_feat_alley, dreamdust_princess_corridor
D:5:      layout_cave_pools, good_gods_temple_1, lemuel_crystal_altar,
          mainiacjoe_overflow_concentric_impassable, temple_fountains,
          minmay_misc_feat_more_columns
D:6:      layout_rooms, nicolae_eternal_life, minmay_joined_circles,
          uniq_menkaure, uniq_eustachio, uniq_edmund, uniq_prince_ribbit1,
          uniq_maggie

Skill      XL: |  1  2  3  4  5  6  7  8 |
---------------+-------------------------+-----
Axes           | 4 6 8 |  8.7
Invocations    | 5 7 10 | 10.6
Fighting       | |  3.6
Dodging        | |  1.5
Stealth        | |  4.1

Action                     |  1- 3 |  4- 6 |  7- 9 || total
---------------------------+-------+-------+-------++-------
  Melee: Hand axe          |    20 |   125 |       ||   145
         Punch             |     1 |     3 |       ||     4
         Quarterstaff      |       |    64 |    81 ||   145
  Throw: Dart              |     2 |     6 |       ||     8
 Invoke: Recite            |       |     1 |     9 ||    10
    Use: Scroll            |     1 |     5 |     2 ||     8
         Potion            |       |     1 |     1 ||     2
   Stab: Distracted        |     2 |     1 |     3 ||     6
         Sleeping          |       |     4 |     2 ||     6
         Invisible         |       |       |     1 ||     1
 Armour: Leather armour    |     5 |     6 |       ||    11
         Ring mail         |       |    74 |    36 ||   110
  Dodge: Dodged            |    12 |   105 |    61 ||   178
